 Dungeon Crawl Stone Soup version 0.23-a0-586-gacb4b3f (webtiles) character file.

211 galech the Covered (level 5, -1/41 HPs)
             Began as a Demonspawn Fighter on Dec 18, 2018.
             Slain by an ogre
             ... wielding a +0 giant spiked club
              (17 damage)
             ... on level 4 of the Dungeon.
             The game lasted 00:02:59 (2598 turns).

galech the Covered (Demonspawn Fighter)             Turns: 2598, Time: 00:03:00

Health: -1/41      AC:  9    Str: 21    XL:     5   Next: 57%
Magic:  0/5        EV: 11    Int:  9    God:
Gold:   125        SH: 10    Dex: 19    Spells: 4/4 levels left

rFire    . . .     SeeInvis .   a - +0 war axe
rCold    . . .     Gourm    .   c - +0 shield
rNeg     . . .     Faith    .   p - +0 chain mail
rPois    .         Spirit   +   (no helmet)
rElec    .         Reflect  .   (no cloak)
rCorr    .         Harm     .   (no gloves)
MR       .....                  (no boots)
Stlth    ..........             (no amulet)
HPRegen  0.13/turn              (no ring)
MPRegen  0.09/turn              (no ring)

@: mighty, agile
A: hooves 1, powered by pain 1, magic shield
a: no special abilities


You were on level 4 of the Dungeon.
You were not hungry.

You visited 1 branch of the dungeon, and saw 4 of its levels.

You collected 125 gold pieces.

Inventory:

Hand Weapons
 a - a +0 war axe (weapon)
Armour
 c - a +0 shield (worn)
 p - a +0 chain mail (worn)
Wands
 s - a wand of digging (3)
Scrolls
 h - 2 scrolls of identify
 k - 2 scrolls of noise
 l - a scroll of fear {unknown}
 n - 3 scrolls of remove curse
 o - 4 scrolls of teleportation
 u - a scroll of magic mapping {unknown}
 v - a scroll of blinking {unknown}
Potions
 b - 2 potions of haste {unknown}
 e - a potion of resistance {unknown}
 g - a potion of invisibility {unknown}
 j - a potion of lignification {unknown}
 m - a potion of degeneration {unknown}
 q - 2 potions of magic {unknown}
 r - a potion of curing {unknown}
 t - a potion of berserk rage {unknown}
 w - a potion of agility {unknown}
Comestibles
 f - 7 rations
 i - a chunk of flesh


   Skills:
 + Level 3.6 Fighting
 + Level 3.3 Axes
 + Level 3.7 Armour
 + Level 0.8 Dodging
 + Level 3.5 Shields


You had 4 spell levels left.
You didn't know any spells.
Your spell library was empty.

Dungeon Overview and Level Annotations

Branches:
Dungeon (4/15)
 Temple: D:4-7

Altars:
Sif Muna


Innate Abilities, Weirdness & Mutations

You have large cloven feet.
You sometimes gain a little power by taking damage.
When hurt, damage is shared between your health and your magic reserves.


Message History

Found a runed war axe.
You feel very mighty all of a sudden.
You barely miss the ogre. You kick the ogre.
The ogre is lightly wounded.
The ogre hits you with a +0 giant spiked club!!
Ouch! That really hurt!
You focus on the pain.
You feel agile all of a sudden.
You are too injured to fight recklessly!
You are too injured to fight recklessly!
You are too injured to fight recklessly!
You are too injured to fight recklessly!
You are too injured to fight recklessly!
You are too injured to fight recklessly!
You are too injured to fight recklessly!
You are too injured to fight recklessly!
You hit the ogre. Your kick misses the ogre.
The ogre is moderately wounded.
The ogre hits you with a +0 giant spiked club!!
You die...

....
#...#
####
...
...
..)
#.#
#.#
#O#
#@#
#.#
..#
#.##
#. #.
#. #.


You could see an ogre.

Vanquished Creatures
  3 orc priests (D:2)
  5 adders
  An ooze (D:1)
  A worm (D:3)
  A dart slug (D:1)
  2 leopard geckos (D:2)
  8 orcs
  A ball python (D:1)
  5 giant cockroaches
  8 goblins
  3 hobgoblins
  4 jackals (D:1)
  3 kobolds
  A quokka (D:2)
  11 bats
  2 frilled lizards (D:1)
  6 rats
65 creatures vanquished.

Notes
Turn   | Place    | Note
-------+----------+-------------------------------------------
     0 | D:1      | galech the Demonspawn Fighter began the quest for the Orb.
     0 | D:1      | Reached XP level 1. HP: 18/18 MP: 1/1
   404 | D:1      | Gained mutation: When hurt, damage is shared between your
                  | health and your magic reserves. [demonic ancestry]
   404 | D:1      | Reached XP level 2. HP: 24/24 MP: 2/2
   948 | D:2      | Gained mutation: You sometimes gain a little power by
                  | taking damage. [demonic ancestry]
   948 | D:2      | Reached XP level 3. HP: 29/29 MP: 3/3
  1156 | D:2      | Gained mutation: You have large cloven feet. [demonic
                  | ancestry]
  1156 | D:2      | Reached XP level 4. HP: 21/35 MP: 1/4
  1495 | D:2      | Reached XP level 5. HP: 10/41 MP: 1/5
  2387 | D:3      | Found a faded altar of an unknown god.
  2510 | D:3      | Found a deep blue altar of Sif Muna.
  2595 | D:4      | Noticed an ogre
  2598 | D:4      | Slain by an ogre

Vault maps used:
D:1:      dpeg_arrival_simpleton_b, feat_on_display
D:2:      first_ration, st_stairs_8, minmay_octomino_j4
D:3:      lemuel_coloured_pillars_altar, chequers_ecumenical_altar_grove
D:4:      old_standard_altar, serial_shops, shop, gup_sewer_entry_bowl,
          uniq_edmund

Skill      XL: |  1  2  3  4 |
---------------+-------------+-----
Armour         | 3 |  3.7
Axes           | 2 3 |  3.3
Shields        | 3 |  3.5
Fighting       | |  3.6
Dodging        | |  0.8

Action                   |  1- 3 |  4- 6 || total
-------------------------+-------+-------++-------
Melee: War axe           |    81 |   101 ||   182
       Kick              |       |    21 ||    21
  Use: Potion            |     1 |     1 ||     2
       Scroll            |       |     3 ||     3
  Eat: Chunk             |     1 |     5 ||     6
Armor: Scale mail        |    38 |       ||    38
       Chain mail        |     4 |    74 ||    78
Dodge: Dodged            |    22 |    23 ||    45
Block: Shield            |    37 |    60 ||    97

Table legend:
 A = Non-vault XP
 B = Vault XP
 C = Vault XP percentage of total XP
 D = Non-vault monster count
 E = Vault monster count
 F = Vault count percentage of total count
                 A         B        C        D         E       F
            +---------+---------+-------+---------+---------+-------
      Total |     282 |      20 |   6.6 |      61 |       4 |   6.2
            +---------+---------+-------+---------+---------+-------
        D:1 |      40 |       0 |   0.0 |      19 |       0 |   0.0
        D:2 |     176 |      20 |  10.2 |      24 |       4 |  14.3
        D:3 |      66 |       0 |   0.0 |      18 |       0 |   0.0
            +---------+---------+-------+---------+---------+-------
